[ AOE2 MATCH · #506397758 ]
UnrankedPersians vs Tupi
Player's team · LOSS
Rival team · WIN
[ REPLAY ANALYSIS · EXTRACTED FROM THE RECORDED GAME ]
Feudal
8:51
Castle
16:38
Imperial
—
| APM avg | 74.6 |
| APM peak | 125 |
| eAPM avg | 27.2 |
| Villagers / military | 60 / 18 |
Focus
⚔️ 26.0% · 🌾 74.0%
Knight ×11 · Scout Cavalry ×7
Feudal
7:42
Castle
19:42
Imperial
—
| APM avg | 26.3 |
| APM peak | 46 |
| eAPM avg | 16.3 |
| Villagers / military | 57 / 4 |
Focus
⚔️ 31.8% · 🌾 68.2%
Unknown (2582) ×39 · Unknown (2550) ×18 · Monk ×3 · Spearman ×1
Match map
Initial resources + every placement click. Lines = walls · curves = elevation contours. ◆ gold · ⬟ stone · ● berries · ✦ relic · ◌ wall gap
Your base· Open — 6t gap
sultan99's base· Open — unwalled flank
Smoothed initial terrain · ◌ = detected wall gap · hover for details
Inputs per minute
— Izuru Alexandros RÆ - - sultan99
Build order — Izuru Alexandros RÆ
143 actions detected in the replay
| 0:37 | Build | Town Center |
| 1:44 | Build | House |
| 2:13 | Build | House |
| 2:19 | Queue | Villager (Male) |
| 2:29 | Research | Loom |
| 2:36 | Queue | Villager (Male) |
| 2:40 | Build | House |
| 3:10 | Queue | Villager (Male) |
| 3:15 | Build | House |
| 3:22 | Queue | Villager (Male) |
| 3:22 | Queue | Villager (Male) |
| 3:22 | Queue | Villager (Male) |
| 4:14 | Build | Lumber Camp |
| 4:16 | Queue | Villager (Male) |
| 4:28 | Queue | Villager (Male) |
| 4:34 | Build | House |
| 5:45 | Queue | Villager (Male) |
| 6:15 | Build | Mill |
| 6:20 | Queue | Villager (Male) |
| 6:47 | Research | Feudal Age |
| 7:11 | Build | Barracks |
| 8:19 | Build | House |
| 8:51 | Age | Feudal Age |
| 8:53 | Build | Stable |
| 9:05 | Queue | Villager (Male) |
| 9:06 | Research | Double-Bit Axe |
| 9:27 | Build | Blacksmith |
| 9:28 | Queue | Scout Cavalry |
| 9:28 | Queue | Scout Cavalry |
| 9:29 | Queue | Scout Cavalry |
| 9:45 | Build | House |
| 9:54 | Queue | Villager (Male) |
| 10:03 | Build | House |
| 10:08 | Build | House |
| 10:11 | Build | Palisade Wall |
| 10:16 | Queue | Villager (Male) |
| 11:03 | Queue | Villager (Male) |
| 11:12 | Queue | Scout Cavalry |
| 11:33 | Queue | Villager (Male) |
| 12:11 | Queue | Villager (Male) ×5 |
| 12:15 | Queue | Villager (Male) |
| 12:21 | Queue | Villager (Male) |
| 12:28 | Queue | Villager (Male) |
| 12:49 | Build | Farm |
| 12:49 | Build | Farm |
| 12:50 | Build | Farm |
| 12:50 | Build | Farm |
| 12:50 | Build | Farm |
| 12:50 | Build | Farm |
| 13:00 | Build | Farm |
| 13:02 | Build | Farm |
| 13:14 | Queue | Villager (Male) |
| 13:18 | Queue | Villager (Male) |
| 13:38 | Build | Lumber Camp |
| 14:04 | Build | Farm |
| 14:13 | Research | Castle Age |
| 14:13 | Research | Castle Age |
| 14:57 | Research | Scale Barding Armor |
| 15:34 | Queue | Scout Cavalry |
| 15:54 | Build | Mining Camp |
| 15:58 | Build | Farm |
| 16:01 | Build | Farm |
| 16:05 | Research | Forging |
| 16:38 | Age | Castle Age |
| 16:48 | Build | Town Center |
| 16:53 | Queue | Knight |
| 16:56 | Research | Wheelbarrow |
| 17:13 | Queue | Knight |
| 17:40 | Queue | Knight |
| 17:58 | Build | House |
| 17:59 | Build | House |
| 18:13 | Research | Chain Barding Armor |
| 18:28 | Queue | Villager (Male) |
| 19:02 | Queue | Knight |
| 19:05 | Queue | Villager (Male) |
| 19:37 | Build | Town Center |
| 19:40 | Queue | Villager (Male) |
| 19:47 | Queue | Knight |
| 19:48 | Queue | Knight |
| 19:59 | Queue | Villager (Male) |
| 20:05 | Queue | Villager (Male) |
| 20:22 | Build | House |
| 20:25 | Build | House |
| 20:40 | Queue | Villager (Male) |
| 20:49 | Build | Mining Camp |
| 20:53 | Queue | Knight |
| 20:56 | Queue | Knight |
| 21:05 | Build | Farm |
| 21:11 | Queue | Villager (Male) |
| 21:21 | Queue | Villager (Male) |
| 21:25 | Build | House |
| 21:25 | Build | House |
| 21:36 | Queue | Villager (Male) |
| 21:58 | Build | Farm |
| 21:59 | Queue | Villager (Male) |
| 22:03 | Queue | Villager (Male) |
| 22:04 | Queue | Villager (Male) |
| 22:43 | Build | Farm |
| 22:44 | Queue | Villager (Male) |
| 22:45 | Queue | Villager (Male) |
| 22:47 | Queue | Villager (Male) |
| 22:50 | Queue | Villager (Male) |
| 22:53 | Build | Farm |
| 22:55 | Build | Farm |
| 22:56 | Build | Farm |
| 23:15 | Queue | Villager (Male) |
| 23:24 | Build | Farm |
| 23:24 | Queue | Villager (Male) |
| 23:30 | Build | Stable |
| 23:32 | Queue | Villager (Male) |
| 23:44 | Build | Farm |
| 24:02 | Queue | Scout Cavalry |
| 24:06 | Queue | Villager (Male) |
| 24:10 | Queue | Villager (Male) |
| 24:11 | Queue | Villager (Male) |
| 24:12 | Queue | Villager (Male) |
| 24:22 | Queue | Scout Cavalry |
| 24:43 | Research | Light Cavalry (upgrade) |
| 24:55 | Build | Castle |
| 24:57 | Build | House |
| 24:58 | Build | House |
| 25:02 | Queue | Knight |
| 25:08 | Queue | Villager (Male) |
| 25:35 | Queue | Villager (Male) |
| 25:36 | Queue | Villager (Male) |
| 25:37 | Queue | Villager (Male) |
| 25:39 | Queue | Villager (Male) |
| 25:46 | Queue | Knight |
| 25:50 | Build | Castle |
| 26:01 | Build | Palisade Gate |
| 26:07 | Build | House |
| 26:08 | Build | House |
| 26:15 | Research | Town Watch |
| 26:19 | Queue | Villager (Male) |
| 26:53 | Build | Stable |
| 26:53 | Build | Stable |
| 26:54 | Queue | Villager (Male) |
| 27:31 | Build | Stable |
| 27:32 | Queue | Knight |
| 27:44 | Queue | Villager (Male) |
| 27:57 | Build | Farm |
| 28:22 | Queue | Villager (Male) ×3 |
| 28:56 | Queue | Villager (Male) |
Build order — sultan99
First 150 of 180 actions detected
| 0:13 | Build | Town Center |
| 0:34 | Build | House |
| 1:32 | Queue | Villager (Male) |
| 1:33 | Queue | Villager (Male) |
| 1:37 | Queue | Villager (Male) |
| 1:38 | Queue | Villager (Male) |
| 1:42 | Research | Loom |
| 1:45 | Build | Settlement |
| 2:02 | Queue | Villager (Male) |
| 2:26 | Queue | Villager (Male) |
| 2:27 | Queue | Villager (Male) |
| 2:33 | Queue | Villager (Male) |
| 2:33 | Queue | Villager (Male) |
| 2:54 | Queue | Villager (Male) |
| 3:06 | Build | House |
| 3:25 | Queue | Villager (Male) |
| 3:31 | Queue | Villager (Male) |
| 3:34 | Build | House |
| 4:16 | Queue | Villager (Male) |
| 5:08 | Queue | Villager (Male) |
| 5:32 | Research | Feudal Age |
| 6:01 | Queue | Villager (Male) |
| 6:31 | Build | House |
| 6:33 | Build | House |
| 6:41 | Build | Barracks |
| 6:42 | Build | Palisade Wall |
| 7:42 | Age | Feudal Age |
| 7:47 | Research | Double-Bit Axe |
| 7:48 | Research | Horse Collar |
| 7:51 | Queue | Unit 2550 |
| 7:51 | Queue | Unit 2550 |
| 8:04 | Build | Blacksmith |
| 8:10 | Queue | Villager (Male) |
| 8:10 | Queue | Villager (Male) |
| 8:36 | Queue | Villager (Male) |
| 8:40 | Queue | Villager (Male) |
| 8:46 | Build | Farm |
| 8:51 | Build | Farm |
| 8:59 | Queue | Unit 2550 |
| 9:02 | Research | Forging |
| 9:03 | Queue | Villager (Male) |
| 9:06 | Queue | Villager (Male) |
| 9:11 | Build | Farm |
| 9:13 | Build | Farm |
| 9:43 | Build | Farm |
| 9:48 | Build | Farm |
| 9:50 | Build | Farm |
| 9:52 | Build | Farm |
| 9:58 | Build | Settlement |
| 10:10 | Queue | Unit 2550 |
| 10:18 | Build | House |
| 10:19 | Build | House |
| 10:23 | Build | House |
| 10:27 | Queue | Villager (Male) |
| 10:41 | Build | Farm |
| 10:46 | Queue | Unit 2550 |
| 10:55 | Queue | Villager (Male) |
| 10:55 | Queue | Villager (Male) |
| 11:04 | Build | Market |
| 11:22 | Queue | Villager (Male) |
| 11:30 | Build | Farm |
| 11:31 | Build | Farm |
| 12:14 | Build | House |
| 12:18 | Build | House |
| 12:22 | Research | Tech 1402 |
| 12:36 | Research | Scale Mail Armor |
| 12:47 | Queue | Villager (Male) |
| 12:50 | Build | Farm |
| 12:52 | Build | Farm |
| 12:59 | Build | Settlement |
| 13:06 | Queue | Spearman |
| 13:13 | Build | House |
| 13:49 | Queue | Unit 2550 |
| 14:32 | Build | Farm |
| 16:14 | Build | Barracks |
| 16:24 | Build | Barracks |
| 16:26 | Build | Palisade Wall |
| 16:49 | Build | House |
| 16:54 | Build | Palisade Wall |
| 17:02 | Research | Castle Age |
| 17:43 | Research | Gold Mining |
| 17:52 | Build | Palisade Wall |
| 17:57 | Build | Settlement |
| 18:01 | Queue | Villager (Male) |
| 19:14 | Build | House |
| 19:21 | Build | House |
| 19:24 | Build | House |
| 19:26 | Build | Palisade Wall |
| 19:42 | Age | Castle Age |
| 19:45 | Queue | Unit 2582 |
| 19:45 | Queue | Unit 2582 |
| 19:45 | Queue | Unit 2582 |
| 19:47 | Research | Iron Casting |
| 19:48 | Queue | Villager (Male) |
| 19:55 | Build | Monastery |
| 20:05 | Queue | Unit 2582 ×2 |
| 20:06 | Queue | Unit 2582 ×2 |
| 20:21 | Build | Town Center |
| 20:23 | Queue | Villager (Male) |
| 20:30 | Queue | Monk |
| 20:39 | Queue | Unit 2582 |
| 20:39 | Queue | Unit 2582 |
| 20:50 | Build | Farm |
| 20:57 | Queue | Unit 2582 |
| 20:57 | Queue | Unit 2582 |
| 20:58 | Queue | Villager (Male) |
| 21:15 | Queue | Unit 2582 |
| 21:15 | Queue | Unit 2582 |
| 21:36 | Queue | Villager (Male) |
| 21:39 | Queue | Villager (Male) |
| 22:01 | Queue | Unit 2582 ×2 |
| 22:02 | Queue | Unit 2582 ×2 |
| 22:03 | Queue | Villager (Male) |
| 22:04 | Queue | Villager (Male) |
| 22:20 | Queue | Villager (Male) |
| 22:27 | Queue | Unit 2582 |
| 22:27 | Queue | Unit 2582 |
| 22:29 | Queue | Villager (Male) |
| 22:42 | Queue | Villager (Male) |
| 22:46 | Queue | Unit 2582 |
| 22:46 | Queue | Unit 2582 |
| 22:47 | Queue | Villager (Male) |
| 22:50 | Build | Settlement |
| 22:55 | Build | Farm |
| 22:56 | Build | Farm |
| 22:56 | Build | Farm |
| 23:02 | Queue | Unit 2582 ×5 |
| 23:03 | Queue | Unit 2582 ×5 |
| 23:22 | Build | Farm |
| 23:22 | Build | Farm |
| 23:23 | Build | Farm |
| 23:23 | Build | Farm |
| 23:25 | Queue | Villager (Male) |
| 23:40 | Queue | Villager (Male) |
| 23:49 | Queue | Villager (Male) |
| 24:06 | Queue | Monk |
| 24:06 | Queue | Monk |
| 24:08 | Queue | Villager (Male) |
| 24:14 | Research | Town Watch |
| 24:18 | Queue | Unit 2582 ×4 |
| 24:18 | Queue | Unit 2582 ×4 |
| 24:26 | Build | Farm |
| 24:27 | Build | Farm |
| 24:29 | Queue | Villager (Male) |
| 24:36 | Queue | Villager (Male) |
| 24:42 | Research | Squires |
| 24:43 | Research | Arson |
| 24:59 | Queue | Villager (Male) |
| 25:08 | Queue | Unit 2550 ×2 |
| 25:08 | Queue | Unit 2550 ×2 |
Match timeline
| 6:41 | sultan99 · first_building Barracks |
| 6:42 | sultan99 · wall_segment Palisade Wall x1 |
| 7:11 | Izuru Alexandros RÆ · first_building Barracks |
| 7:42 | sultan99 · age_up feudal |
| 8:51 | Izuru Alexandros RÆ · age_up feudal |
| 8:53 | Izuru Alexandros RÆ · first_building Stable |
| 10:11 | Izuru Alexandros RÆ · wall_segment Palisade Wall x1 |
| 16:26 | sultan99 · wall_segment Palisade Wall x2 |
| 16:38 | Izuru Alexandros RÆ · age_up castle |
| 16:54 | sultan99 · wall_segment Palisade Wall x1 |
| 17:52 | sultan99 · wall_segment Palisade Wall x1 |
| 19:26 | sultan99 · wall_segment Palisade Wall x1 |
| 19:42 | sultan99 · age_up castle |
| 19:55 | sultan99 · first_building Monastery |
| 20:55 | sultan99 · first_market_buy 100 food |
| 23:01 | sultan99 · first_market_sell 500 wood |
| 24:55 | Izuru Alexandros RÆ · first_building Castle |
| 28:11 | sultan99 · first_building Castle |
| 28:54 | sultan99 · wall_segment Palisade Wall x1 |
| 29:00 | sultan99 · wall_segment Palisade Wall x1 |
| 29:02 | Izuru Alexandros RÆ · resign |
[ AI ANALYSIS · 1 CREDIT ]
What really happened in this match?
Wolo.gg analyzes every decision: build order, eco, micro, common mistakes by bracket. Personalized analysis on WhatsApp or Discord in 30 seconds.
Civ guide
Persians
Perfil
Izuru Alexandros RÆ